AoeStats
← Larri with a Y

MegaRandom

508295591Analyzed
4v4 RM · 10d ago on Sep 21, 2026· 48m 50s· 8 players
Game mode
Random Map
Map size
Large (8 player)
Population
200
Speed
Normal
Resources
Standard
Victory
Conquest
Starting age
Dark Age
Ending age
Imperial Age
RankedLock teamsTeams togetherTeam positionsShared explorationLock speedFull tech treeHidden civsTurbo modeCheats
Victory
Defeat
🇸🇮 Britons · Slovenia
883
+13
🇸🇮 Goths · Slovenia
855
+14
🇸🇮 Franks · Slovenia
848
+15
🇸🇮 Bengalis · Slovenia
835
+15
🇫🇷 Spanish · France
837
-15
🇸🇪 Hindustanis · Sweden
835
-15
🇸🇪 Aztecs · Sweden
808
-14
🇸🇪 Khitans · Sweden
796
-13
CripKilla356
11:23 Feudal Age
19:44 Castle Age
18:29 Stone Mining
22:29 Crossbowman
42:57 Double-Bit Axe
45:18 Pikeman
46:00 Squires
45:51 Arson
46:58 Horse Collar
armo345
14:10 Feudal Age
15:10 Man-at-Arms
16:09 Double-Bit Axe
19:05 Domestication
23:15 Castle Age
22:07 Stone Mining
25:21 Wheelbarrow
26:42 Bow Saw
28:05 Forging
28:01 Scale Barding Armor
31:38 Hand Cart
31:48 Husbandry
32:28 Iron Casting
34:27 Gold Mining
36:19 Chain Barding Armor
37:38 Ballistics
38:55 Stone Shaft Mining
38:35 Lamellar Armor
38:43 Scale Mail Armor
39:22 Pikeman
40:03 Squires
39:49 Gambesons
43:35 Imperial Age
41:50 Chain Mail Armor
41:26 Fletching
41:37 Padded Archer Armor
43:17 Arson
43:52 Elite Fire Lancer
46:19 Murder Holes
46:16 Elite Skirmisher
47:02 Thumb Ring
46:48 Heavy Camel Rider
Trinitrotoluene
7:44 Loom
12:55 Feudal Age
13:43 Horse Collar
13:50 Double-Bit Axe
20:33 Castle Age
19:30 Scale Barding Armor
21:59 Scale Mail Armor
22:16 Crossbowman
25:19 Fletching
27:15 Chain Mail Armor
26:40 Pikeman
28:33 Padded Archer Armor
28:41 Gold Mining
30:38 Stone Mining
31:42 Bodkin Arrow
33:55 Light Cavalry
35:00 Bow Saw
35:20 Heavy Plow
36:54 Forging
43:58 Imperial Age
41:54 Bloodlines
44:24 Squires
KRM Draykon
12:27 Feudal Age
14:01 Horse Collar
14:27 Double-Bit Axe
14:35 Gold Mining
14:35 Stone Mining
22:05 Castle Age
27:45 Husbandry
27:56 Bloodlines
28:12 Bow Saw
31:58 Stone Shaft Mining
32:30 Loom
33:30 Wheelbarrow
40:43 Hand Cart
45:04 Imperial Age
45:35 Scale Barding Armor
45:41 Forging
47:24 Caravan
46:46 Cavalier
48:00 Chain Barding Armor
48:16 Iron Casting
Loxpox
5:40 Loom
11:16 Feudal Age
16:49 Castle Age
16:17 Double-Bit Axe
17:13 Forging
17:20 Scale Barding Armor
18:37 Husbandry
27:26 Wheelbarrow
27:06 Bow Saw
27:37 Iron Casting
28:48 Chain Barding Armor
31:36 Hand Cart
39:12 Imperial Age
39:45 Cavalier
42:10 Plate Barding Armor
44:20 Blast Furnace
46:20 Gold Mining
46:38 Paladin
Macolar
13:19 Feudal Age
17:36 Castle Age
20:05 Gold Mining
27:24 Forging
29:41 Iron Casting
29:13 Scale Barding Armor
30:00 Crossbowman
30:53 Fletching
31:06 Padded Archer Armor
30:50 Horse Collar
30:56 Double-Bit Axe
31:57 Bow Saw
31:58 Bodkin Arrow
33:58 Leather Archer Armor
33:59 Heavy Plow
38:32 Imperial Age
37:19 Wheelbarrow
38:38 Arbalester
39:25 Bracer
39:56 Ring Archer Armor
41:34 Two-Man Saw
44:27 Chemistry
43:57 Hand Cart
43:31 Town Watch
43:35 Loom
Merjasec
5:29 Loom
11:45 Feudal Age
12:27 Double-Bit Axe
17:56 Castle Age
17:20 Gold Mining
19:13 Fletching
19:25 Padded Archer Armor
19:11 Horse Collar
25:38 Wheelbarrow
25:27 Heavy Plow
26:14 Town Watch
28:16 Ballistics
30:02 Hand Cart
31:36 Town Patrol
36:55 Imperial Age
34:31 Husbandry
34:45 Bloodlines
36:05 Bow Saw
36:29 Fervor
36:47 Bodkin Arrow
37:08 Leather Archer Armor
37:07 Forging
36:57 Murder Holes
37:54 Squires
37:15 Pikeman
37:53 Elite Elephant Archer
38:02 Elite Skirmisher
38:55 Caravan
39:39 Conscription
39:51 Bracer
40:21 Ring Archer Armor
39:24 Siege Elephant
40:43 Mahayana
41:13 Crop Rotation
43:02 Chemistry
43:38 Siege Engineers
45:07 Scale Barding Armor
Larri with a Y
2:53 Loom
12:06 Feudal Age
12:18 Man-at-Arms
13:04 Double-Bit Axe
14:54 Town Watch
15:46 Wheelbarrow
20:39 Fletching
20:50 Padded Archer Armor
21:01 Forging
20:51 Scale Mail Armor
28:54 Castle Age
30:05 Town Patrol
30:21 Hand Cart
29:51 Long Swordsman
30:32 Squires
34:38 Bow Saw
35:10 Iron Casting
34:50 Chain Mail Armor
34:31 Bodkin Arrow
34:25 Elite Skirmisher
40:16 Gold Mining
41:22 Leather Archer Armor
41:52 Caravan
42:59 Anarchy
47:21 Imperial Age
47:25 Elite Huskarl
48:07 Perfusion
48:29 Conscription
Connection lost

Rejoining the realm…

Still unreachable

The connection could not be restored.

Session expired

The server has moved on; the page needs a fresh start.